 Dungeon Crawl Stone Soup version 0.24.0-13-gcf9b319 (webtiles) character file.

Game seed: 9777124161046019411, levelgen mode: deterministic

193 operationiv the Chopper (level 5, 47/47 HPs)
             Began as a Minotaur Berserker on Nov 8, 2019.
             Was a Priest of Trog.
             Quit the game on level 3 of the Dungeon on Nov 11, 2019.
             The game lasted 00:05:11 (3158 turns).

operationiv the Chopper (Minotaur Berserker)        Turns: 3158, Time: 00:05:12

Health: 47/47      AC:  2    Str: 22    XL:     5   Next: 44%
Magic:  4/4        EV: 13    Int:  4    God:    Trog [***...]
Gold:   105        SH:  0    Dex: 10    Spells: 4/4 levels left

rFire    . . .     SeeInvis .   a - +0 hand axe
rCold    . . .     Gourm    .   (no shield)
rNeg     . . .     Faith    .   b - +0 animal skin
rPois    .         Spirit   .   (helmet restricted)
rElec    .         Reflect  .   (no cloak)
rCorr    .         Harm     .   (no gloves)
MR       .....                  (no boots)
Stlth    +.........             (no amulet)
HPRegen  0.15/turn              (no ring)
MPRegen  0.09/turn              (no ring)

@: no status effects
A: retaliatory headbutt, horns 2
a: Berserk, Trog's Hand, Renounce Religion


You were on level 3 of the Dungeon.
You worshipped Trog.
Trog was most pleased with you.
You were not hungry.

You visited 1 branch of the dungeon, and saw 3 of its levels.

You collected 105 gold pieces.

Inventory:

Hand Weapons
 a - a +0 hand axe (weapon)
Armour
 b - a +0 animal skin (worn)
 i - a +0 pair of gloves
   (You found it on level 1 of the Dungeon)
Scrolls
 d - 2 scrolls of remove curse {unknown}
 e - 7 scrolls of identify {unknown}
 f - 2 scrolls of fear {unknown}
 g - 2 scrolls of fog {unknown}
 l - a scroll of enchant weapon {unknown}
 o - a scroll of immolation {unknown}
Potions
 h - a potion of magic {unknown}
 j - a potion of flight {unknown}
 k - a potion of curing {unknown}
 m - a potion of degeneration {unknown}
 n - a potion of might {unknown}
 p - a potion of mutation {unknown}
Comestibles
 c - 5 rations


   Skills:
 + Level 4.6 Fighting
 * Level 5.6 Axes
 + Level 3.6 Armour
 + Level 3.3 Dodging


You had 4 spell levels left.
You didn't know any spells.
Your spell library was empty.

Dungeon Overview and Level Annotations

Branches:
Dungeon (3/15)

Altars:
Vehumet

Annotations:
D:3 1 runed translucent door, Crazy Yiuf


Innate Abilities, Weirdness & Mutations

You reflexively headbutt those who attack you in melee.
You have a pair of horns on your head.


Message History

You take 2 damage, and have 25/41 hp.
You hit the orc priest but do no damage.
The orc priest barely misses you.
You hit the orc priest.
The orc wizard gestures wildly while chanting.
The orc wizard flickers and vanishes!
Deactivating autopickup; reactivate with Ctrl-A.
The orc priest closely misses you.
You slash the orc priest!
You headbutt the orc priest, but do no damage.
You closely miss the orc priest. You headbutt the orc priest.
You kill the orc priest!
Trog accepts your kill.
You have reached level 5!
You regained 4 hp, and now have 30/47 hp.
MP restored: 4 You slash the orc!
You kill the orc!
Trog accepts your kill.
You hit something. Your headbutt misses something.
Something hits you but does no damage.
You hit something.
You hear some strange, mumbled words.
Something tries to affect you, but you resist.
You closely miss something. Your headbutt misses something.
You hear some strange, mumbled words.
A magic dart appears from out of thin air!
The magic dart hits you!
You take 8 damage, and have 22/47 hp.
You slash something! Trog accepts your kill.
Trog appreciates your killing of a magic user.
Reactivating autopickup.
You feel a bit more experienced.
Items here: ))) [[[ a +0 dagger; a cursed +0 robe; a +0 whip; a +0 leather armour; a +0 mace a +0 scale mail There isn't anything here!
There isn't anything here!
Items here: ))) [[[ a +0 dagger; a cursed +0 robe; a +0 whip; a +0 leather armour; a +0 mace a +0 scale mail There isn't anything to butcher here.
Things that are here:
a +0 club; an orc corpse You butcher the orc corpse.
q - 4 chunks of flesh {@w0}
Things that are here:
a +0 club; an orc skeleton You now have 105 gold pieces (gained 14).
Things that are here:
a +0 whip; a +0 whip of draining; an orc corpse You butcher the orc corpse.
q - 5 chunks of flesh {@w0} (gained 1)
Things that are here:
a +0 whip; a +0 whip of draining; an orc skeleton You start resting.
Eating one of 5 chunks of flesh {@w0}.
You eat one of the 5 chunks of flesh {@w0}.
Health restored: 47
Things that are here:
a +0 whip; a +0 whip of draining; an orc skeleton You see here a +0 club.
Things that are here:
a +0 club x2
You see here 17 stones.
There is an escape hatch in the floor here.
All of the chunks of flesh in your inventory have rotted away.
A rat and a dart slug come into view.
There are monsters nearby!
There are monsters nearby!
There are monsters nearby!
There are monsters nearby!
The dart slug closely misses you.
You slash the dart slug! You slash the rat!
You kill the rat!
Trog accepts your kill.
The dart slug bites you but does no damage.
You hit the dart slug. You hit the dart slug.
You kill the dart slug!
Trog accepts your kill.
No target in view!
No target in view!
No target in view!
No target in view!
No target in view!
No target in view!
No target in view!
No target in view!
No target in view!
No target in view!
No target in view!
No target in view!
No target in view!
No target in view!
No target in view!
Level annotation: 1 runed translucent door, Crazy Yiuf Welcome back, operationiv the Minotaur Berserker.
Trog says: Kill them all!

#.#####........# ##
#..#......##...## #
...#####....##..##.....##
#
#..........##..#....#..#
...#####.#......##.....##
#....#######...##
####.### ##..# #.....#
##.# #..@..# ... #..†..#
.. #.....# #.....#
#####.. .## .# .#


There were no monsters in sight!

Vanquished Creatures
  An orc priest (D:3)
  An orc wizard (D:3)
  Robin (D:3)
  3 adders
  2 worms (D:2)
  3 dart slugs
  5 leopard geckos
  3 orcs (D:3)
  6 bats
  3 giant cockroaches (D:1)
  17 goblins
  9 hobgoblins
  4 jackals (D:1)
  10 kobolds
  4 frilled lizards
  6 rats
78 creatures vanquished.

Notes
Turn   | Place    | Note
-------+----------+-------------------------------------------
     0 | D:1      | operationiv the Minotaur Berserker began the quest for the
                  | Orb.
     0 | D:1      | Reached XP level 1. HP: 19/19 MP: 0/0
   273 | D:1      | Reached XP level 2. HP: 26/27 MP: 1/1
   283 | D:1      | Reached skill level 4 in Axes
   674 | D:1      | Reached XP level 3. HP: 32/33 MP: 2/2
   689 | D:1      | Reached skill level 4 in Fighting
   713 | D:1      | Reached ** piety under Trog
   815 | D:1      | meem: I'm meem, an infobot run by MalcolmRoseGaming: Type
                  | !submeem to keep me in your games; !nomeem to shut me up
                  | forever; !meem for help; !whymeem if you want to know why
                  | meem exists. Visit http://youtube.com/malcolmrosegaming for
                  | more DCSS content.
   843 | D:1      | Reached skill level 3 in Armour
  1371 | D:2      | Found a radiant altar of Vehumet.
  1459 | D:2      | Reached XP level 4. HP: 38/40 MP: 3/3
  2293 | D:3      | Reached skill level 5 in Axes
  2509 | D:3      | Reached skill level 3 in Dodging
  2535 | D:3      | Found a runed translucent door.
  2536 | D:3      | Noticed Crazy Yiuf
  2566 | D:3      | Noticed Robin
  2584 | D:3      | Killed Robin
  2877 | D:3      | Reached *** piety under Trog
  2889 | D:3      | Reached XP level 5. HP: 30/47 MP: 4/4
  3158 | D:3      | Upgraded the game from 0.24.0-1-gfbc8707 to
                  | 0.24.0-13-gcf9b319
  3158 | D:3      | Quit the game

Levels and vault maps discovered:
D:1:      saegor_arrival_simple_e, layout_loops_ring, minmay_split_cup_large
D:2:      layout_loops_ring, marbit_many_paths, grunt_ministairs_9
D:3:      layout_loops_cross, first_ration, uniq_robin, uniq_crazy_yiuf_cottage,
          uniq_sigmund

Skill      XL: |  1  2  3  4 |
---------------+-------------+-----
Axes           | 4 5 |  5.6
Fighting       | 4 |  4.6
Armour         | 3 |  3.6
Dodging        | 3 |  3.3

Action                   |  1- 3 |  4- 6 || total
-------------------------+-------+-------++-------
Melee: Hand axe          |    91 |    85 ||   176
       Headbutt          |     9 |    10 ||    19
 Stab: Sleeping          |     2 |       ||     2
  Eat: Chunk             |     2 |     5 ||     7
Armor: Animal skin       |     9 |     8 ||    17
Dodge: Dodged            |    56 |    35 ||    91

Levels and vault maps discovered:
D:1:      saegor_arrival_simple_e, layout_loops_ring, minmay_split_cup_large
D:2:      layout_loops_ring, marbit_many_paths, grunt_ministairs_9
D:3:      layout_loops_cross, first_ration, uniq_robin, uniq_crazy_yiuf_cottage,
          uniq_sigmund

Table legend:
 A = Turns spent in this place as a percentage of turns spent in the entire game.
 B = Non-inter-level travel turns spent in this place as a percentage of non-inter-level travel turns spent in the entire game.
 C = Inter-level travel turns spent in this place as a percentage of turns spent in this place.
 D = Turns resting spent in this place as a percentage of non-inter-level travel turns spent in this place.
 E = Turns spent auto-exploring this place as a percentage of non-inter-level travel turns spent in this place.
 F = Non-inter-level travel turns spent in this place divided by the number of levels of this place that you've seen.
                   A       B       C       D       E      F
               +-------+-------+-------+-------+-------+----------------------
         Total | 100.0 | 100.0 |   1.6 |  47.2 |  39.9 | 1035.3
       Dungeon | 100.0 | 100.0 |   1.6 |  47.2 |  39.9 | 1035.3
               +-------+-------+-------+-------+-------+----------------------

Table legend:
 A = Kills in this place as a percentage of kills in entire the game.
 B = Kills by you in this place as a percentage of kills by you in the entire game.
 C = Kills by friends in this place as a percentage of kills by friends in the entire game.
 D = Other kills in this place as a percentage of other kills in the entire game.
 E = Experience gained in this place as a percentage of experience gained in the entire game.
 F = Experience gained in this place divided by the number of levels of this place that you have seen.
                   A       B       C       D       E      F
               +-------+-------+-------+-------+-------+----------------------
         Total | 100.0 | 100.0 |   N/A |   N/A | 100.0 |  92.3
       Dungeon | 100.0 | 100.0 |   N/A |   N/A | 100.0 |  92.3
               +-------+-------+-------+-------+-------+----------------------
